 Dungeon Crawl Stone Soup version 0.26-a0-50-gc4d14cd842 (webtiles) character file.

Game seed: 11171169177802610690

870 vurker the Magician (level 7, -5/52 HPs)
             Began as a Mummy Ice Elementalist on June 4, 2020.
             Slain by a wyvern skeleton (11 damage)
             ... on level 6 of the Dungeon.
             The game lasted 00:06:48 (4810 turns).

vurker the Magician (Mummy Ice Elementalist)        Turns: 4810, Time: 00:06:48

Health: -5/52      AC:  8    Str: 12    XL:     7   Next: 73%
Magic:  1/17       EV: 12    Int: 16    God:
Gold:   243        SH:  0    Dex: 12    Spells: 7/19 levels left

rFire    x . .     SeeInvis +   l - +0 short sword (drain)
rCold    + . .     Gourm    .   (no shield)
rNeg     + + +     Faith    .   a - +0 robe
rPois    ∞         Spirit   .   k - +0 helmet
rElec    .         Reflect  .   j - +0 cloak
rCorr    .         Harm     .   (no gloves)
MR       .....                  (no boots)
Stlth    ++........             e - amulet of regeneration
HPRegen  0.57/turn              c - +4 ring of protection
MPRegen  0.15/turn              b - ring of see invisible

@: no status effects
A: no food or potions, fire vulnerability, cold resistance 1, negative energy
resistance 3, torment resistance, unbreathing
a: no special abilities


You were on level 6 of the Dungeon.
You were not hungry.

You visited 1 branch of the dungeon, and saw 6 of its levels.

You collected 243 gold pieces.

Inventory:

Hand Weapons
 l - a +0 short sword of draining (weapon)
   (You took it off a kobold on level 3 of the Dungeon)
Missiles
 q - 2 throwing nets (quivered)
Armour
 a - a +0 robe (worn)
 j - a +0 cloak (worn)
   (You took it off Crazy Yiuf on level 2 of the Dungeon)
 k - a +0 helmet (worn)
   (You took it off Robin on level 3 of the Dungeon)
Jewellery
 b - a ring of see invisible (right hand)
   (You found it on level 4 of the Dungeon)
 c - a +4 ring of protection (left hand)
   (You found it on level 1 of the Dungeon)
 e - an amulet of regeneration (around neck)
   (You found it on level 4 of the Dungeon)
Scrolls
 d - 3 scrolls of teleportation
 f - 2 scrolls of fog
 g - a scroll of magic mapping
 h - a scroll of remove curse
 i - a scroll of amnesia {unknown}
 m - a scroll of noise {unknown}
 n - a scroll of fear
 o - 2 scrolls of identify
 p - a scroll of blinking {unknown}


   Skills:
 + Level 3.3 Fighting
 - Level 1.5 Dodging
 - Level 1.5 Stealth
 * Level 6.6 Spellcasting
 * Level 2.4 Conjurations
 * Level 5.4 Ice Magic


You had 7 spell levels left.
You knew the following spells:

 Your Spells              Type           Power        Failure   Level  Hunger
a - Freeze                Ice            ###.         1%          1    N/A
b - Frozen Ramparts       Ice            ###...       4%          3    N/A
c - Hailstorm             Conj/Ice       ###.....     26%         4    N/A
d - Summon Ice Beast      Ice/Summ       ##......     38%         4    N/A

Your spell library contained the following spells:

 Spells                   Type           Power        Failure   Level  Hunger
 Ozocubu's Armour         Chrm/Ice       ##......     13%         3    N/A

Dungeon Overview and Level Annotations

Branches:
Dungeon (6/15)             Temple (0/1) D:5

Altars:
Ashenzari
Sif Muna
Vehumet
Wu Jian
Yredelemnul
Zin


Innate Abilities, Weirdness & Mutations

You do not eat or drink.
Your flesh is vulnerable to fire.
You are immune to poison.
Your flesh is cold resistant. (rC+)
You are immune to negative energy. (rN+++)
You are immune to unholy pain and torment.
You can survive without breathing.


Message History

The wyvern skeleton bites you.
The wall freezes the orc priest.
The orc priest hits you from afar with a +0 trident.
The centaur skeleton resists.
The wall freezes the centaur skeleton.
The spell is quite dangerous to cast (26% risk of failure)!
Continue anyway?
A cannonade of hail descends around you!
The hail pelts the orc priest!
The hail pelts the centaur skeleton!
The centaur skeleton partially resists.
The wyvern skeleton completely resists.
The wall freezes the wyvern skeleton but do no damage.
The wyvern skeleton bites you.
* * * LOW HITPOINT WARNING * * *
The centaur skeleton completely resists.
The wall freezes the centaur skeleton but do no damage.
The wall freezes the orc priest.
You kill the orc priest!
The wyvern skeleton resists.
The wall freezes the wyvern skeleton.
The wyvern skeleton closely misses you.
You aren't carrying any items that you can evoke.
Unknown command.
You hit the wyvern skeleton.
The centaur skeleton completely resists.
The wall freezes the centaur skeleton but do no damage.
The wyvern skeleton resists.
The wall freezes the wyvern skeleton.
The wyvern skeleton barely misses you.
The centaur skeleton completely resists.
The wall freezes the centaur skeleton but do no damage.
Aim: a wyvern skeleton (heavily damaged)
The wyvern skeleton resists.
You freeze the wyvern skeleton.
The wyvern skeleton completely resists.
The wall freezes the wyvern skeleton but do no damage.
The wyvern skeleton closely misses you.
The centaur skeleton completely resists.
The wall freezes the centaur skeleton but do no damage.
The centaur skeleton closely misses you.
The wall freezes the wyvern skeleton but do no damage.
The wyvern skeleton barely misses you.
Unknown command.
The frozen ramparts melt away.
The centaur skeleton misses you. The wyvern skeleton bites you!
* * * LOW HITPOINT WARNING * * *
The centaur skeleton misses you.
You hit the wyvern skeleton. The wyvern skeleton closely misses you.
The wyvern skeleton bites you!
* * * LOW HITPOINT WARNING * * *
You can't drink.
Unknown command.
You hit the wyvern skeleton.
The wyvern skeleton bites you but does no damage.
You hit the wyvern skeleton. The wyvern skeleton barely misses you.
The wyvern skeleton bites you!
You die...

........).
...>.)) #..)#
######
#..##...(..
#..........
#...#.####
#.Z...# #####
##Z#..# #...#
#@...#
#...####....#
#......#..#.#
#...##.#....#
#...##.#.#..##
#...##.#.#...#
#......#.##..#
##'#.###.##..##
##.#.# #.##...#


You could see a wyvern skeleton and a centaur skeleton.

Vanquished Creatures
  A sky beast (D:3)
  A black bear (D:6)
  An ogre (D:5)
  A scorpion (D:4)
  A jelly (D:5)
  4 orc priests
  2 orc wizards (D:5)
  Crazy Yiuf (D:2)
  3 worker ants
  2 hound skeletons
  Robin (D:3)
  4 gnolls (D:5)
  5 adders
  A howler monkey skeleton (D:5)
  An ooze (D:1)
  3 worms
  A dart slug (D:1)
  3 leopard geckos
  13 orcs
  2 ball pythons
  3 giant cockroaches
  11 goblins
  3 hobgoblins
  7 jackals (D:4)
  7 kobolds
  4 quokkas
  9 bats
  3 frilled lizards
  6 rats
104 creatures vanquished.

Notes
Turn   | Place    | Note
-------+----------+-------------------------------------------
     0 | D:1      | vurker the Mummy Ice Elementalist began the quest for the
                  | Orb.
     0 | D:1      | Reached XP level 1. HP: 13/13 MP: 4/4
    83 | D:1      | Reached skill level 3 in Spellcasting
    86 | D:1      | Reached XP level 2. HP: 17/20 MP: 0/6
   510 | D:1      | Reached skill level 1 in Fighting
   671 | D:1      | Reached XP level 3. HP: 26/26 MP: 3/7
   676 | D:1      | Learned a level 3 spell: Frozen Ramparts
   893 | D:2      | Found a shattered altar of Ashenzari.
  1279 | D:2      | Found a radiant altar of Vehumet.
  1578 | D:2      | Found a runed translucent door.
  1579 | D:2      | Noticed Crazy Yiuf
  1697 | D:2      | Killed Crazy Yiuf
  1697 | D:2      | Reached skill level 4 in Spellcasting
  1697 | D:2      | Reached XP level 4. HP: 32/32 MP: 5/10
  1761 | D:3      | Noticed a sky beast
  1768 | D:3      | Killed a sky beast
  1768 | D:3      | Reached XP level 5. HP: 20/38 MP: 4/12
  1929 | D:3      | Reached skill level 5 in Spellcasting
  2135 | D:3      | Learned a level 4 spell: Hailstorm
  2140 | D:3      | Learned a level 4 spell: Summon Ice Beast
  2499 | D:3      | Noticed Robin
  2508 | D:3      | Killed Robin
  2508 | D:3      | Reached XP level 6. HP: 44/45 MP: 5/13
  3633 | D:4      | Reached skill level 1 in Conjurations
  3753 | D:5      | Entered Level 5 of the Dungeon
  3809 | D:5      | Found a glowing silver altar of Zin.
  3834 | D:5      | Found a shimmering blue altar of Sif Muna.
  3929 | D:5      | Found a basalt altar of Yredelemnul.
  4021 | D:5      | Reached skill level 5 in Ice Magic
  4021 | D:5      | Reached XP level 7. HP: 51/51 MP: 10/15
  4029 | D:5      | Reached skill level 6 in Spellcasting
  4156 | D:5      | Found an ornate altar of the Wu Jian Council.
  4210 | D:5      | Found a staircase to the Ecumenical Temple.
  4810 | D:6      | Slain by a wyvern skeleton

Illustrated notes

Levels and vault maps discovered:
D:1:      psy_arrival_dodecagon, layout_loops_cross
D:2:      layout_basic, lemuel_round_altar, vehumet_crystals,
          uniq_crazy_yiuf_cottage
D:3:      minmay_wonky_spiral, layout_loops_ring, uniq_robin
D:4:      layout_rooms
D:5:      layout_loops_ring, grunt_temple_overflow_open, temple_statues,
          first_ration, basic_altar, yredelemnul_altar_generic
D:6:      layout_basic, basic_altar, lexackson_kobold_supper, uniq_blork_the_orc

Skill      XL: |  1  2  3  4  5  6  7 |
---------------+----------------------+-----
Spellcasting   | 3 4 5 6 |  6.6
Fighting       | 1 2 3 |  3.3
Ice Magic      | 4 5 |  5.4
Conjurations   | 1 2 |  2.4
Dodging        | |  1.5
Stealth        | |  1.5

Action                   |  1- 3 |  4- 6 |  7- 9 || total
-------------------------+-------+-------+-------++-------
Melee: Short sword       |    19 |    59 |    15 ||    93
 Cast: Freeze            |    52 |    45 |    16 ||   113
       Frozen Ramparts   |     1 |    12 |     6 ||    19
       Hailstorm         |       |       |     3 ||     3
  Use: Scroll            |     1 |     5 |       ||     6
 Stab: Sleeping          |     1 |       |     1 ||     2
Armor: Robe              |    22 |    34 |     9 ||    65
       Leather armour    |     1 |       |       ||     1
Dodge: Dodged            |    35 |    58 |    26 ||   119

Table legend:
 A = Non-vault XP
 B = Vault XP
 C = Vault XP percentage of total XP
 D = Non-vault monster count
 E = Vault monster count
 F = Vault count percentage of total count
                 A         B        C        D         E       F
            +---------+---------+-------+---------+---------+-------
      Total |    1174 |      70 |   5.6 |      94 |      10 |   9.6
            +---------+---------+-------+---------+---------+-------
        D:1 |      44 |       0 |   0.0 |      21 |       0 |   0.0
        D:2 |      47 |      39 |  45.3 |      10 |       1 |   9.1
        D:3 |     255 |      31 |  10.8 |      24 |       9 |  27.3
        D:4 |     179 |       0 |   0.0 |      15 |       0 |   0.0
        D:5 |     471 |       0 |   0.0 |      18 |       0 |   0.0
        D:6 |     178 |       0 |   0.0 |       6 |       0 |   0.0
            +---------+---------+-------+---------+---------+-------
